 Dungeon Crawl Stone Soup version 0.25.0-9-g26727b657a (webtiles) character file.

Game seed: 1903544196393448278

246770 shadizar the Warrior (level 19, -3/180 HPs)
             Began as a Minotaur Fighter on June 17, 2020.
             Was the Champion of Okawaru.
             Killed from afar by a shock serpent (24 damage)
             ... with a bolt of electricity
             ... on level 4 of the Snake Pit on June 18, 2020.
             The game lasted 01:34:52 (37461 turns).

shadizar the Warrior (Minotaur Fighter)            Turns: 37461, Time: 01:34:52

Health: -3/180     AC: 37    Str: 32    XL:     19   Next: 20%
Magic:  26/28      EV: 18    Int:  8    God:    Okawaru [******]
Gold:   4128       SH: 18    Dex: 10    Spells: 18/18 levels left

rFire    . . .     SeeInvis .   q - +6 war axe
rCold    + + +     Gourm    .   c - +1 kite shield
rNeg     . . .     Faith    .   S - +1 plate armour {rPois}
rPois    +         Spirit   .   X - +2 hat of Gluttony {*Contam rC+++ Regen+ Int+3}
rElec    .         Reflect  .   k - +0 cloak
rCorr    .         Harm     .   A - +2 pair of gloves {Str+3}
MR       ++...                  R - +2 pair of boots {run}
Stlth    ..........             P - amulet of the acrobat
HPRegen  0.80/turn              n - +4 ring of protection
MPRegen  0.21/turn              m - ring of protection from magic

@: heroism, studying Invocations, quick
A: retaliatory headbutt, horns 2
}: 1/15 runes: decaying
a: Heroism, Finesse, Renounce Religion


You were on level 4 of the Snake Pit.
You worshipped Okawaru.
Okawaru was exalted by your worship.
You were not hungry.

You visited 6 branches of the dungeon, and saw 32 of its levels.
You also visited: Ice Cave and Volcano.

You collected 4768 gold pieces.
You spent 640 gold pieces at shops.

Inventory:

Hand Weapons
 b - the +7 falchion of Xete {protect, rElec rC+}
   (You found it on level 12 of the Dungeon)

   It grants its wielder temporary protection when it strikes (+7 to AC).
   It protects you from cold.
   It insulates you from electricity.
 q - a +6 war axe (weapon)
 t - a +4 demon trident of flaming
 E - the +9 hunting sling of Impatience {flame, Int+5, unknown}
   (You found it on level 1 of the Swamp)

   It causes projectiles fired from it to burn those they strike, causing extra
   injury to most foes and up to half again as much damage against particularly
   susceptible opponents.
   It affects your intelligence (+5).
 Q - the +2 Maxwell's thermic engine {flame, freeze}
   (You found it on level 4 of the Swamp)

   It has been specially enchanted to burn those struck by it, causing extra
   injury to most foes and up to half again as much damage against particularly
   susceptible opponents.
   Big, fiery blades are also staple armaments of hydra-hunters.
   It has been specially enchanted to freeze those struck by it, causing extra
   injury to most foes and up to half again as much damage against particularly
   susceptible opponents.
 T - the +7 great mace "Firestarter" {inner flame, rF++}
   (You found it on level 11 of the Dungeon)

   It has been specially enchanted to burn those struck by it, causing extra
   injury to most foes and up to half again as much damage against particularly
   susceptible opponents.
   It greatly protects you from fire.
Missiles
 s - 67 boomerangs (quivered)
Armour
 c - a +1 kite shield (worn)
 k - a +0 cloak (worn)
 A - a +2 pair of gloves of strength (worn)
 J - a +1 hat
 N - the +2 hat of Jiuc {Dex+4}
   (Okawaru gifted it to you on level 2 of the Orcish Mines)

   It affects your dexterity (+4).
 R - a +2 pair of boots of running (worn)
 S - a +1 plate armour of poison resistance (worn)
 W - the +1 plate armour of Subjectivity {rN+ rCorr}
   (You found it on level 14 of the Dungeon)

   It protects you from negative energy.
   It provides partial protection from all sources of acid and corrosion.
 X - the +2 hat of Gluttony (worn) {*Contam rC+++ Regen+ Int+3}
   (Okawaru gifted it to you on level 2 of the Orcish Mines)

   It affects your intelligence (+3).
   It renders you almost immune to cold.
   It causes magical contamination when unequipped.
   It increases your rate of regeneration.
Jewellery
 l - an uncursed ring of ice
 m - a ring of protection from magic (right hand)
 n - a +4 ring of protection (left hand)
 r - an uncursed ring of fire
 x - an uncursed ring of fire
 C - an uncursed ring of resist corrosion
 P - an amulet of the acrobat (around neck)
 V - an uncursed ring of protection from cold
 Y - a +6 ring of dexterity
Wands
 B - a wand of clouds (10)
 L - a wand of digging (12)
Scrolls
 a - 4 scrolls of fear
 d - 4 scrolls of remove curse
 j - 16 scrolls of teleportation
 v - 5 scrolls of identify
 O - 7 scrolls of magic mapping
 Z - 6 scrolls of blinking
Potions
 e - 3 potions of cancellation
 i - 5 potions of resistance
 o - 5 potions of heal wounds
 p - 7 potions of flight
 D - 2 potions of haste
 G - 2 potions of berserk rage
 H - a potion of might
 K - 3 potions of ambrosia
 M - 5 potions of curing
Books
 w - a manual of Invocations
Miscellaneous
 y - 2 boxes of beasts
Comestibles
 f - 53 rations


   Skills:
 + Level 18.4(23.4) Fighting
 + Level 15.5(21.3) Axes
 - Level 9.2(18.3) Polearms
 + Level 17.0(22.0) Armour
 + Level 15.5(20.5) Dodging
 + Level 15.7(20.7) Shields
 - Level 13.4 Invocations


You had 18 spell levels left.
You didn't know any spells.
Your spell library contained the following spells:

 Spells                   Type           Power        Failure   Level  Hunger
 Corona                   Hex            #......      82%         1    ##.....
 Summon Butterflies       Summ           #.......     82%         1    ##.....
 Summon Small Mammal      Summ           #...         82%         1    ##.....
 Call Imp                 Summ           #.......     91%         2    ###....
 Slow                     Hex            #.......     91%         2    ###....
 Sublimation of Blood     Necr           #.........   91%         2    ###....
 Call Canine Familiar     Summ           #.......     99%         3    ####...
 Confusing Touch          Hex            #.......     99%         3    ####...
 Gell's Gravitas          Tloc           #.........   99%         3    ####...
 Ignite Poison            Fire/Tmut/Pois #.......     99%         3    ####...
 Inner Flame              Hex/Fire       #.......     99%         3    ####...
 Portal Projectile        Hex/Tloc       #.....       99%         3    ####...
 Summon Guardian Golem    Hex/Summ       #.......     99%         3    ####...
 Cause Fear               Hex            #.........   100%        4    #####..
 Leda's Liquefaction      Hex/Erth       #.........   100%        4    #####..
 Petrify                  Tmut/Erth      #.......     100%        4    #####..
 Summon Ice Beast         Ice/Summ       #.......     100%        4    #####..
 Summon Lightning Spire   Summ/Air       #.......     100%        4    #####..
 Alistair's Intoxication  Tmut/Pois      #.......     100%        5    ######.
 Irradiate                Conj/Tmut      #.........   100%        5    ######.
 Metabolic Englaciation   Hex/Ice        #.........   100%        5    ######.
 Summon Mana Viper        Hex/Summ       #.......     100%        5    ######.
 Yara's Violent Unravell  Hex/Tmut       #.........   100%        5    ######.
 Eringya's Noxious Bog    Tmut/Pois      #.........   100%        6    #######
 Hydra Form               Tmut           #.........   100%        6    #######
 Statue Form              Tmut/Erth      #........    100%        6    #######
 Dragon Form              Tmut           #.........   100%        7    #######
 Summon Hydra             Summ           #.........   100%        7    #######


Dungeon Overview and Level Annotations

Branches:
Dungeon (15/15)            Temple (1/1) D:5            Lair (6/6) D:10
  Swamp (4/4) Lair:4        Snake (4/4) Lair:3        Slime (0/5) Lair:5
    Orc (2/2) D:9             Elf (0/3) Orc:2        Vaults (0/5) D:13
 Depths (0/5) D:15          IceCv (visited)         Volcano (visited)

Altars:
Ashenzari
Cheibriados
Dithmenos
Elyvilon
Fedhas
Gozag
Kikubaaqudgha
Makhleb
Nemelex Xobeh
Okawaru
Ru
Trog
Uskayaw
Wu Jian
Xom
Yredelemnul
Zin
The Shining One
Beogh
Jiyva

Shops:
D:4 *   D:15 *   Orc:2 [*}}   Snake:2 (   Snake:3 =?(

Portals:
Bazaar: Snake:1
Trove: D:12 (give amulet "Quohehegg")

Annotations:
D:2 Sigmund
D:5 3 runed translucent doors, LohmatiyShmel's ghost, novice MiFi
D:6 1 runed translucent door
Lair:3 exclusion: 2 oklob plants


Innate Abilities, Weirdness & Mutations

You reflexively headbutt those who attack you in melee.
You have a pair of horns on your head.


Message History

The shock serpent completely resists.
The shock serpent shoots out a bolt of lightning at you!
The bolt of electricity hits you.
* * * LOW HITPOINT WARNING * * *
You block the naga's attack.
Unknown command.
Unknown command.
Unknown command.
Unknown command.
Unknown command.
Unknown command.
Unknown command.
Unknown command.
Unknown command.
You feel much better.
You block the shock serpent's attack. x2
The shock serpent shoots out a bolt of lightning at you!
The bolt of electricity hits you!!
* * * LOW HITPOINT WARNING * * *
The bolt of electricity hits you!!
You die...

.... #..#
...## ....
# #..#
.##.
##N.#....#
#.SS..).##
#.@......#
##..##..#.
#.## ...
... ###..
.. .#.


You could see 2 shock serpents and a naga.

Vanquished Creatures
  Mara (Snake:3)
  Saint Roka (Orc:2)
  Agnes (D:14)
  Kirke (D:14)
  6 thorn hunters
  4 nagarajas
  A frost giant (IceCv)
  Aizul (Snake:2)
  An orc warlord (Orc:2)
  The ghost of Viky the Unseen, a journeyman GrMo of Gozag (Lair:3)
  2 entropy weavers (Lair:4)
  2 vampire knights (Swamp:4)
  Azrael (Snake:3)
  2 green deaths (Snake:3)
  2 fire dragons
  A vault guard (D:13)
  11 naga warriors
  7 ghost crabs
  17 hydras
  7 anacondas
  11 alligators
  4 centaur warriors
  Erica (D:11)
  7 two-headed ogres
  A catoblepas (D:15)
  A dancing weapon (Volcano)
  5 tengu warriors
  A queen ant (Lair:4)
  4 death yaks
  3 naga sharpshooters
  5 orc high priests
  4 shock serpents
  Sonja (Lair:6)
  A fire crab (Lair:6)
  3 skeletal warriors (D:11)
  7 spriggan druids
  5 wizards (Volcano)
  5 unseen horrors
  4 swamp dragons (Swamp:4)
  2 phantasmal warriors (Swamp:4)
  A flayed ghost (Swamp:4)
  6 naga ritualists
  A spectral hydra (Swamp:4)
  3 orc knights (Orc:2)
  4 mana vipers
  3 oklob plants (Swamp:4)
  7 orc sorcerers
  A deep elf mage (D:13)
  A wolf spider (D:15)
  10 ugly things
  8 salamanders
  2 manticores (D:11)
  7 cyclopes
  5 toenail golems (Volcano)
  27 black mambas
  9 naga magi
  3 apocalypse crabs (Swamp:1)
  10 elephants (Lair:6)
  An ice statue (IceCv)
  2 gargoyles
  2 guardian serpents
  2 molten gargoyles (Lair:6)
  An eye of devastation (shapeshifter) (D:15)
  14 spiny frogs
  15 komodo dragons
  2 freezing wraiths (Swamp:4)
  2 rime drakes
  2 ice devils (Lair:1)
  5 yaktaurs (D:15)
  3 meliai (D:14)
  A death drake zombie (Swamp:4)
  3 hydra zombies (Swamp:4)
  11 trolls
  10 tyrant leeches
  2 wolf spider simulacra (D:15)
  A harpy skeleton (D:13)
  Grinder (D:5)
  22 polar bears
  6 hornets
  8 hippogriffs
  A death drake skeleton (Swamp:4)
  8 slime creatures
  Prince Ribbit (D:6)
  15 blink frogs
  5 dream sheep (Lair:6)
  8 bog bodies
  2 vampires (D:15)
  4 shadows
  7 wyverns
  61 yaks
  3 spriggans
  3 fire elementals (Snake:3)
  6 hogs (D:14)
  4 fire bats (D:11)
  4 steam dragons
  5 basilisks
  35 nagas
  6 vampire mosquitoes
  7 wargs (Orc:2)
  Menkaure (D:5)
  A harpy simulacrum (D:15)
  16 swamp worms
  23 insubstantial wisps
  5 hydra simulacra (Swamp:4)
  10 soldier ants
  16 water moccasins
  42 orc warriors
  7 hell hounds
  9 porcupines
  9 swamp drakes
  6 sky beasts
  6 ice beasts
  3 phantoms
  2 black bears (D:9)
  A meliai simulacrum (D:14)
  A necrophage (D:8)
  A swamp dragon zombie (Swamp:4)
  53 wolves
  A swamp dragon skeleton (Swamp:4)
  20 ogres
  12 crocodiles
  10 centaurs
  A big kobold (D:11)
  20 bullfrogs
  A wyvern skeleton (D:11)
  7 scorpions
  A water moccasin skeleton (D:4)
  4 killer bees
  2 troll zombies (Swamp:1)
  32 wights
  A troll skeleton (Swamp:1)
  3 electric eels (Lair:5)
  2 howler monkeys
  5 lava snakes (Lair:6)
  7 crimson imps
  4 centaur zombies
  3 jellies
  A quasit (D:7)
  A bullfrog zombie (D:9)
  A gnoll shaman (D:9)
  5 hounds
  4 centaur skeletons
  34 orc priests
  3 bullfrog skeletons
  5 iguanas
  32 orc wizards
  23 worker ants
  A hound zombie (D:6)
  A howler monkey zombie (D:5)
  3 worker ant zombies
  2 hound skeletons
  10 adders
  7 gnolls
  A howler monkey skeleton (D:7)
  5 shadow imps
  An adder skeleton (D:7)
  2 worms
  7 leopard geckos
  120 orcs
  2 giant cockroaches
  2 goblins
  5 hobgoblins
  9 jackals
  11 kobolds
  A quokka (D:7)
  2 ball pythons (D:1)
  7 bats
  A frilled lizard (D:5)
  6 rats
  2 briar patches
  6 fungi
  A plant (Swamp:4)
1226 creatures vanquished.

Vanquished Creatures (others)
  A spriggan (Swamp:2)
  2 hornets
  A shadow (D:15)
  An orc wizard (D:6)
  A worm (D:2)
  A kobold (D:2)
  20 briar patches
  4 fungi
  22 plants
  4 toadstools (Swamp:3)
57 creatures vanquished.

Grand Total: 1283 creatures vanquished

Notes
Turn   | Place    | Note
-------+----------+-------------------------------------------
     0 | D:1      | shadizar the Minotaur Fighter began the quest for the Orb.
     0 | D:1      | Reached XP level 1. HP: 19/19 MP: 0/0
   184 | D:1      | Reached XP level 2. HP: 27/27 MP: 1/1
   188 | D:1      | Reached skill level 4 in Fighting
   341 | D:1      | Found a shattered altar of Ashenzari.
   637 | D:2      | Reached skill level 1 in Dodging
   672 | D:2      | Reached XP level 3. HP: 26/33 MP: 2/2
  1114 | D:2      | Found a glowing silver altar of Zin.
  1114 | D:2      | Noticed Sigmund
  1355 | D:3      | Found a blossoming altar of Fedhas.
  1415 | D:3      | Reached XP level 4. HP: 31/41 MP: 3/3
  1424 | D:3      | Reached skill level 5 in Fighting
  1519 | D:3      | Found a basalt altar of Yredelemnul.
  1901 | D:4      | Reached XP level 5. HP: 20/48 MP: 4/4
  2110 | D:4      | Reached XP level 6. HP: 4/57 MP: 5/5
  2155 | D:5      | Entered Level 5 of the Dungeon
  2387 | D:5      | Found a white marble altar of Elyvilon.
  2449 | D:4      | Reached skill level 6 in Fighting
  2451 | D:4      | Reached skill level 5 in Armour
  2626 | D:4      | Found Gozag's Platinum Reserve.
  2632 | D:4      | Found an opulent altar of Gozag.
  2719 | D:4      | Reached XP level 7. HP: 27/64 MP: 6/6
  3268 | D:5      | Reached skill level 7 in Fighting
  3438 | D:5      | Found a runed translucent gate.
  3439 | D:5      | Found a runed translucent gate.
  3439 | D:5      | Noticed LohmatiyShmel's ghost (novice MiFi)
  3440 | D:5      | Found a runed translucent gate.
  3446 | D:5      | Found a staircase to the Ecumenical Temple.
  3487 | D:5      | Found a glowing golden altar of the Shining One.
  3551 | D:5      | Reached skill level 5 in Axes
  3705 | Temple   | Entered the Ecumenical Temple
  3735 | Temple   | Became a worshipper of Warmaster Okawaru
  4259 | D:6      | Noticed Menkaure
  4261 | D:6      | Noticed Grinder
  4505 | D:5      | Reached skill level 8 in Fighting
  4505 | D:5      | Reached XP level 8. HP: 70/74 MP: 7/7
  4576 | D:6      | Paralysed by Grinder for 2 turns
  4586 | D:5      | Killed Menkaure
  4606 | D:5      | HP: 3/74 [Grinder (3)]
  4607 | D:5      | Killed Grinder
  4607 | D:5      | Reached * piety under Okawaru
  4792 | D:6      | Reached skill level 9 in Fighting
  4792 | D:6      | Reached skill level 5 in Dodging
  5179 | D:6      | Reached ** piety under Okawaru
  5406 | D:6      | Noticed Prince Ribbit
  5416 | D:6      | Reached XP level 9. HP: 68/84 MP: 5/8
  5429 | D:6      | Killed Prince Ribbit
  5451 | D:6      | Reached skill level 1 in Invocations
  5941 | D:6      | You fall into a shaft and drop 2 floors!
  6039 | D:8      | Reached skill level 10 in Fighting
  6175 | D:8      | Reached *** piety under Okawaru
  6415 | D:7      | Reached skill level 5 in Shields
  6612 | D:6      | Found a glowing golden altar of the Shining One.
  6612 | D:6      | Noticed an angel
  6613 | D:6      | Found a runed translucent door.
  6869 | D:7      | Found a sacrificial altar of Ru.
  7138 | D:7      | Reached XP level 10. HP: 94/94 MP: 11/11
  7597 | D:8      | Reached skill level 11 in Fighting
  7675 | D:8      | Reached **** piety under Okawaru
  8658 | D:9      | Noticed a two-headed ogre
  8676 | D:9      | Killed a two-headed ogre
  8676 | D:9      | Received a gift from Okawaru
  9081 | D:9      | Found a staircase to the Orcish Mines.
  9834 | D:10     | Entered Level 10 of the Dungeon
  9841 | D:9      | Reached skill level 12 in Fighting
  9908 | D:9      | Reached ***** piety under Okawaru
  9925 | D:10     | Reached skill level 1 in Polearms
 10048 | D:10     | Reached XP level 11. HP: 104/104 MP: 13/13
 10593 | D:10     | Killed an unseen horror
 10906 | D:10     | Reached skill level 5 in Invocations
 11002 | D:10     | Found a staircase to the Lair.
 11007 | D:10     | Got an encrusted ring mail
 11106 | D:10     | Identified the +5 ring mail of Fashionability {*Corrode
                  | Str+6} (You found it on level 10 of the Dungeon)
 11117 | Lair:1   | Entered Level 1 of the Lair of Beasts
 11336 | Lair:1   | You fall into a shaft and drop 1 floor!
 11389 | Lair:1   | Got an ancient leather armour
 11492 | Lair:1   | Received a gift from Okawaru
 11525 | Lair:1   | Identified a +1 pair of boots of running (Okawaru gifted it
                  | to you on level 1 of the Lair of Beasts)
 11526 | Lair:1   | Found a frozen archway.
 11536 | Lair:1   | Reached skill level 10 in Armour
 11566 | IceCv    | Entered an ice cave
 12054 | IceCv    | Reached skill level 13 in Fighting
 12068 | IceCv    | Reached XP level 12. HP: 81/115 MP: 15/15
 12833 | IceCv    | Received a gift from Okawaru
 12922 | IceCv    | Noticed a frost giant
 12933 | IceCv    | Killed a frost giant
 13224 | Lair:1   | Reached skill level 10 in Axes
 13442 | Lair:2   | Noticed a death yak
 13443 | Lair:2   | Noticed a death yak
 13446 | Lair:2   | Noticed a death yak
 13447 | Lair:2   | Noticed a death yak
 13451 | Lair:2   | Killed a death yak
 13462 | Lair:1   | Killed a death yak
 13462 | Lair:1   | Reached skill level 10 in Dodging
 13465 | Lair:2   | Killed a death yak
 13465 | Lair:2   | Received a gift from Okawaru
 13474 | Lair:2   | Killed a death yak
 13717 | Lair:2   | Reached ****** piety under Okawaru
 13860 | Lair:2   | Reached XP level 13. HP: 121/123 MP: 17/17
 14508 | Lair:3   | Received a gift from Okawaru
 14529 | Lair:3   | Found a staircase to the Snake Pit.
 14717 | Lair:3   | You fall into a shaft and drop 2 floors!
 14898 | Lair:3   | Found a runed translucent gate.
 14899 | Lair:3   | Found a runed translucent gate.
 14900 | Lair:3   | Found a runed translucent gate.
 14900 | Lair:3   | Noticed Viky's ghost (journeyman GrMo)
 14958 | Lair:3   | Reached skill level 14 in Fighting
 15294 | Lair:4   | Noticed an entropy weaver
 15295 | Lair:4   | Noticed an entropy weaver
 15319 | Lair:4   | Killed an entropy weaver
 15366 | Lair:4   | Killed an entropy weaver
 15871 | Lair:4   | Identified a scroll of acquirement
 16300 | Lair:4   | Found a staircase to the Swamp.
 16909 | Lair:5   | Reached skill level 10 in Shields
 17200 | Lair:5   | Found a viscous altar of Jiyva.
 17200 | Lair:5   | Found a staircase to the Slime Pits.
 17768 | Lair:6   | Entered Level 6 of the Lair of Beasts
 17853 | Lair:6   | Received a gift from Okawaru
 18036 | Lair:6   | Reached XP level 14. HP: 133/133 MP: 17/20
 18252 | Lair:6   | Noticed Sonja
 18286 | Lair:6   | Killed Sonja
 18630 | Lair:6   | Received a gift from Okawaru
 18867 | Lair:6   | Reached skill level 10 in Invocations
 19880 | Lair:6   | Found a large runed translucent door.
 19883 | Lair:6   | Found a large runed translucent door.
 20350 | Lair:3   | Reached skill level 15 in Fighting
 20374 | Lair:3   | Killed Viky's ghost
 20539 | Orc:1    | Entered Level 1 of the Orcish Mines
 20718 | Orc:2    | Entered Level 2 of the Orcish Mines
 20831 | Orc:2    | Noticed Saint Roka
 20894 | Orc:2    | Killed Saint Roka
 20894 | Orc:2    | Received a gift from Okawaru
 20902 | Orc:2    | Got a jewelled hat {god gift}
 20937 | Orc:2    | Identified the +2 hat of Gluttony {*Contam rC+++ Regen+
                  | Int+3} (Okawaru gifted it to you on level 2 of the Orcish
                  | Mines)
 20953 | Orc:2    | Paralysed by an orc sorcerer for 3 turns
 20972 | Orc:1    | Found a dark tunnel.
 21013 | Orc:1    | Found a burning altar of Makhleb.
 21064 | Volcano  | Entered a volcano
 21305 | Volcano  | Reached XP level 15. HP: 134/141 MP: 22/22
 21842 | Orc:2    | Found a roughly hewn altar of Beogh.
 21953 | Orc:2    | Found Esynn's Antique Armour Boutique.
 21986 | Orc:2    | Bought a cloak for 94 gold pieces
 21986 | Orc:2    | Bought a runed plate armour for 546 gold pieces
 21996 | Orc:2    | Found Fengenud's General Store.
 22262 | Orc:2    | Paralysed by an orc sorcerer for 7 turns
 22477 | Orc:2    | Received a gift from Okawaru
 22480 | Orc:2    | Got a distressingly furry hat {god gift}
 22689 | Orc:2    | Paralysed by an orc sorcerer for 5 turns
 22703 | Orc:2    | Noticed an orc warlord
 22725 | Orc:2    | Killed an orc warlord
 22833 | Orc:2    | Found a roughly hewn altar of Beogh.
 22864 | Orc:2    | Found Miyliwam's Gadget Boutique.
 22955 | Orc:2    | Found Soseiwk's Gadget Emporium.
 23435 | Orc:2    | Found a staircase to the Elven Halls.
 24466 | D:11     | Found the +7 great mace "Firestarter" {inner flame, rF++}
 24575 | D:11     | Noticed Erica
 24620 | D:11     | Killed Erica
 24970 | D:11     | Reached skill level 16 in Fighting
 24970 | D:11     | Reached XP level 16. HP: 151/151 MP: 24/24
 24971 | D:11     | Identified the +2 hat of Jiuc {Dex+4} (Okawaru gifted it to
                  | you on level 2 of the Orcish Mines)
 24982 | D:11     | Identified the +2 leather armour "Tas Sin" {rC+ Dex+2} (You
                  | found it on level 1 of the Lair of Beasts)
 25281 | D:12     | Got a shimmering falchion
 25561 | D:12     | Found a portal to a secret trove of treasure.
 25996 | D:13     | Received a gift from Okawaru
 26085 | D:13     | Found a gate to the Vaults.
 26624 | D:14     | Noticed Agnes
 26677 | D:14     | Noticed Kirke
 26710 | D:14     | Killed Agnes
 26729 | D:14     | Killed Kirke
 26729 | D:14     | Reached XP level 17. HP: 83/159 MP: 20/25
 26855 | D:14     | Got a slimy plate armour
 27336 | D:14     | Identified the +7 falchion of Xete {protect, rElec rC+}
                  | (You found it on level 12 of the Dungeon)
 27352 | D:14     | Identified the +1 plate armour of Subjectivity {rN+ rCorr}
                  | (You found it on level 14 of the Dungeon)
 27386 | D:15     | Entered Level 15 of the Dungeon
 27502 | D:15     | Found Zossuib's Blood Bar.
 27753 | D:15     | Received a gift from Okawaru
 27776 | D:15     | Reached skill level 15 in Armour
 27779 | D:15     | Found a staircase to the Depths.
 28556 | Swamp:1  | Entered Level 1 of the Swamp
 29507 | Swamp:1  | Found a runed translucent door.
 29523 | Swamp:1  | Received a gift from Okawaru
 29843 | Swamp:1  | Got a translucent hunting sling
 30135 | Swamp:2  | Reached skill level 17 in Fighting
 30220 | Swamp:2  | Found a shimmering altar of Xom.
 30490 | Swamp:2  | Reached skill level 5 in Polearms
 31342 | Swamp:3  | Received a gift from Okawaru
 31836 | Swamp:4  | Entered Level 4 of the Swamp
 31836 | Swamp:4  | Found the +2 Maxwell's thermic engine {flame, freeze}
 32042 | Swamp:4  | Reached XP level 18. HP: 170/170 MP: 27/27
 32714 | Swamp:4  | Found a basalt altar of Yredelemnul.
 32759 | Swamp:4  | Found a blossoming altar of Fedhas.
 33228 | Swamp:4  | Got a decaying rune of Zot
 33449 | Snake:1  | Entered Level 1 of the Snake Pit
 33459 | Snake:1  | Found a gateway to a bazaar.
 34629 | Snake:2  | Received a gift from Okawaru
 34652 | Snake:2  | Found Siemiropp's Antique Weapon Shoppe.
 34682 | Snake:2  | Reached skill level 15 in Shields
 35071 | Snake:2  | Reached skill level 15 in Dodging
 35084 | Snake:2  | Noticed Aizul
 35112 | Snake:2  | Killed Aizul
 35849 | Snake:2  | Reached skill level 18 in Fighting
 36113 | Snake:3  | Reached skill level 15 in Axes
 36336 | Snake:3  | Noticed Mara
 36346 | Snake:3  | Noticed shadizar's illusion
 36351 | Snake:3  | Killed Mara
 36356 | Snake:3  | Found Sosomoli's Magic Scroll Boutique.
 36447 | Snake:3  | Reached XP level 19. HP: 133/179 MP: 28/28
 36541 | Snake:3  | Found a blossoming altar of Fedhas.
 36552 | Snake:3  | Noticed Azrael
 36569 | Snake:3  | Killed Azrael
 36811 | Snake:3  | Found Kuihol's Weapon Shop.
 37170 | Snake:3  | Found a runed translucent door.
 37206 | Snake:3  | Received a gift from Okawaru
 37282 | Snake:3  | Found Mixzuawk's Jewellery Boutique.
 37446 | Snake:4  | Entered Level 4 of the Snake Pit
 37461 | Snake:4  | Killed from afar by a shock serpent

Illustrated notes

Levels and vault maps discovered:
D:1:      saegor_arrival_simple_b, layout_rooms, st_stairs_12,
          grunt_decor_one_mirror, evilmike_ruin_ashenzari
D:2:      layout_basic, fiery_altar_vehumet, led_sif_pool, zin_scriptorium,
          marbit_many_paths, first_ration, uniq_sigmund
D:3:      layout_rooms, lemuel_round_altar, yredelemnul_altar_generic,
          fedhas_altar_2, old_standard_altar, nrook_mini_backslash,
          minmay_vboxes
D:4:      layout_rooms, nicolae_gozag_zags_fifth_avenue
D:5:      layout_cave_pools, nicolae_overflow_hidden_temple, tso_oasis_becter,
          minmay_temple_entry_crystal_x, gammafunk_ghost_nasty_kobolds
D:6:      layout_rooms, lemuel_angel_altar, uniq_grinder, uniq_prince_ribbit1,
          uniq_menkaure
D:7:      layout_loops_ring, hangedman_decor_push, grunt_ogre_cave,
          nicolae_ru_awakened_eye
D:8:      layout_basic
D:9:      layout_layer_cave, david_orc_2, corner_web_ring
D:10:     layout_gridville, lair_entry_dummy
D:11:     minmay_firetagon, layout_cave_pools, serial_co_window_serial,
          co_window_of_opportunity_a, co_window_of_opportunity_a,
          co_window_paths_a, co_window_corner_a, co_window_paths_b,
          co_window_of_opportunity_a, co_window_paths_a, co_window_corner_a,
          co_window_paths_a, co_window_2corner, co_window_broadway_b,
          co_window_broadway_a, co_window_paths_c, co_window_broadway_a,
          co_window_corner_cb, co_window_paths_d, glass_columns_b,
          glass_columns_a, glass_columns_b, glass_columns_c, glass_columns_b,
          uniq_erica
D:12:     layout_rooms, trove_entry_hex_spiral
D:13:     layout_rooms, david_vaults_5
D:14:     layout_big_octagon, infiniplex_staircase_star, uniq_agnes, uniq_kirke
D:15:     hangedman_depths_entry_try_elsewhere_first, layout_loops_ring,
          hangedman_decor_peaks_small, guppyfry_shop_blood
Temple:   cyrus_temple_forest
Lair:1:   layout_long_grid, portal_ice_cave_demonic_guard
Lair:2:   layout_hall_layers
Lair:3:   layout_misc_corridors, dummy_snake_entry, gammafunk_ghost_hydra_chop,
          minmay_lair_oklob_chamber
Lair:4:   layout_regular_city, minmay_swamp_entry_reptiles,
          minmay_another_anthill
Lair:5:   layout_misc_corridors, dpeg_slime_entry_enclosed_altar,
          nicolae_quartered_pool_super, minivault_11,
          grunt_forest_large_clearings, serial_bayou_shore_b,
          lemuel_fruit_fields
Lair:6:   cheibrodos_lair_end_hotspot, layout_cave_shapes, uniq_sonja
Swamp:1:  gammafunk_mikee_crab_dinner, layout_falls_marsh,
          hangedman_swamp_blocks, swamp_pool2, nicolae_swamp_fairy_circle,
          cheibrodos_swamp_minitomb
Swamp:2:  layout_basic_swamp, basic_altar, swamp_pool1,
          infiniplex_staircase_pool_2
Swamp:3:  cheibrodos_swamp_tower_of_moss, layout_basic_swamp,
          evilmike_swamp_ruin_rubble_1
Swamp:4:  byrel_swamp_growth_death_and_undeath, layout_basic_swamp
Snake:1:  layout_basic, serial_shops, bzr_entry_islet
Snake:2:  layout_chambers, serial_shops, shop, uniq_aizul
Snake:3:  cheibrodos_toxic_ritual, layout_onion, serial_shops, shop,
          nicolae_shop_behind_doors, shop_scrolls, basic_altar, abandoned_shop,
          uniq_azrael, uniq_mara
Snake:4:  johnstein_snake_rune_scales, layout_onion_interference, uniq_vashnia,
          uniq_roxanne
Orc:1:    layout_diamond_mine, nicolae_volcano_entry_lava_flow, basic_altar
Orc:2:    pubby_orc_utopia, uniq_saint_roka

Skill      XL: |  1  2  3  4  5  6  7  8  9 10 11 12 13 14 15 16 17 18 19 |
---------------+----------------------------------------------------------+-----
Fighting       | 4 5 6 8 9 10 12 13 14 15 16 17 18 | 18.4
Dodging        | 1 2 3 4 5 6 7 9 10 11 12 13 14 15 | 15.5
Armour         | 4 5 6 7 8 9 10 11 12 13 14 15 16 17 | 17.0
Axes           | 3 4 5 6 7 8 9 10 11 12 13 14 15 | 15.5
Invocations    | 3 4 6 7 9 11 12 13 | 13.4
Shields        | 5 6 7 9 10 11 12 13 14 15 | 15.7
Polearms       | 1 4 6 9 |  9.2

Action                   |  1- 3 |  4- 6 |  7- 9 | 10-12 | 13-15 | 16-18 | 19-21 || total
-------------------------+-------+-------+-------+-------+-------+-------+-------++-------
Melee: War axe           |    91 |    70 |   316 |   180 |       |   446 |   150 ||  1253
       Headbutt          |    11 |     8 |    60 |   147 |   279 |   386 |    41 ||   932
       Halberd           |       |       |       |   156 |       |       |       ||   156
       Broad axe         |       |       |       |   252 |  1022 |   184 |       ||  1458
       Flail             |       |       |       |       |    64 |    18 |       ||    82
       Demon trident     |       |       |       |       |       |   902 |       ||   902
Invok: Heroism           |       |       |     4 |    12 |    19 |    19 |     3 ||    57
       Finesse           |       |       |       |     2 |     7 |     7 |     1 ||    17
Evoke: Wand              |       |       |       |       |     2 |       |       ||     2
  Use: Potion            |       |       |    10 |       |     2 |     7 |     1 ||    20
       Scroll            |       |       |     9 |    12 |     9 |    13 |       ||    43
 Stab: Sleeping          |       |       |       |       |     2 |       |       ||     2
  Eat: Chunk             |     2 |     4 |     9 |    24 |    34 |    27 |       ||   100
       Ration            |       |       |     1 |       |       |     3 |     1 ||     5
Armor: Scale mail        |    61 |    34 |    21 |       |       |       |       ||   116
       Chain mail        |       |       |   108 |   197 |       |       |       ||   305
       Ring mail         |       |       |       |   128 |   316 |    52 |       ||   496
       Plate armour      |       |       |       |       |       |   510 |    45 ||   555
Dodge: Dodged            |    31 |    28 |    85 |   435 |   544 |   610 |    55 ||  1788
Block: Kite shield       |    54 |    51 |   167 |   283 |   647 |   985 |    87 ||  2274
